 Dungeon Crawl Stone Soup version 0.21-a0-513-gdcb3f5e (webtiles) character file.

5105 luca467 the Martial Artist (level 10, -5/76 HPs)
             Began as a Gnoll Transmuter on Dec 1, 2017.
             Was a Follower of Makhleb.
             Slain by a yak (8 damage)
             ... on level 1 of the Lair of Beasts.
             The game lasted 00:26:50 (8534 turns).

luca467 the Martial Artist (Gnoll Transmuter)       Turns: 8534, Time: 00:26:52

Health: -5/76      AC: 12    Str: 13    XL:     10   Next: 57%
Magic:  18/21      EV: 18    Int: 17    God:    Makhleb [*.....]
Gold:   429        SH:  0    Dex: 17    Spells: 5/23 levels left

rFire    . . .     SeeInvis .     - Unarmed
rCold    . . .     Gourm    .   (no shield)
rNeg     . . .     Faith    .   r - +0 leather armour
rPois    .         Spirit   .   m - +0 helmet
rElec    .         Reflect  .   e - +1 cloak
rCorr    .         Harm     .   (no gloves)
MR       .....                  (no boots)
Stlth    +++.......             (no amulet)
HPRegen  0.22/turn              i - +2 ring of evasion
MPRegen  0.17/turn              v - +5 ring of protection

@: no status effects
A: distributed training, fangs 1, strong nose
a: Renounce Religion


You were on level 1 of the Lair of Beasts.
You worshipped Makhleb.
Makhleb was aware of your devotion.
You were not hungry.

You visited 3 branches of the dungeon, and saw 10 of its levels.

You collected 429 gold pieces.

Inventory:

Hand Weapons
 x - a +2 falchion of flaming
Missiles
 a - 48 arrows
 f - 297 stones (quivered)
 o - 5 tomahawks
Armour
 e - a +1 cloak (worn)
 m - a +0 helmet (worn)
 r - a +0 leather armour (worn)
 E - a +0 pair of boots
Jewellery
 i - a +2 ring of evasion (left hand)
 v - a +5 ring of protection (right hand)
 F - an uncursed amulet of regeneration {unknown}
Wands
 q - a wand of clouds (1)
 y - a wand of paralysis (9)
 A - a wand of random effects (28)
 C - a wand of flame (28)
Scrolls
 b - a scroll of fog
 k - a scroll of blinking
 n - 8 scrolls of remove curse
 t - a scroll of identify
 u - a scroll of magic mapping {unknown}
 w - a scroll of amnesia {unknown}
 z - a scroll of holy word {unknown}
 B - 2 scrolls of enchant armour
Potions
 g - 5 potions of curing {unknown}
 h - a potion of heal wounds {unknown}
 j - 3 potions of resistance {unknown}
 l - 3 potions of haste {unknown}
 p - 2 potions of degeneration {unknown}
 H - a potion of lignification {unknown}
Books
 c - a book of Changes

   Spells                             Type                      Level
   a - Beastly Appendage              Transmutation                1
   b - Sticks to Snakes               Transmutation                2
   c - Spider Form                    Transmutation/Poison         3
   d - Ice Form                       Ice/Transmutation            4
   e - Blade Hands                    Transmutation                5
 s - a book of Battle

   Spells                             Type                      Level
   a - Infusion                       Charms                       1
   b - Shroud of Golubria             Charms/Translocation         2
   c - Song of Slaying                Charms                       2
   d - Spectral Weapon                Hexes/Charms                 3
   e - Regeneration                   Charms/Necromancy            3
 G - a book of Misfortune

   Spells                             Type                      Level
   a - Confusing Touch                Hexes                        1
   b - Confuse                        Hexes                        3
   c - Gell's Gravitas                Translocation                3
   d - Petrify                        Transmutation/Earth          4
   e - Metabolic Englaciation         Hexes/Ice                    5
   f - Yara's Violent Unravelling     Hexes/Transmutation          5
Comestibles
 d - 7 bread rations
 D - 4 fruits


   Skills:
 + Level 6.0 Fighting
 + Level 5.3 Short Blades
 + Level 5.3 Long Blades
 + Level 5.3 Axes
 + Level 5.3 Maces & Flails
 + Level 5.3 Polearms
 + Level 5.3 Staves
 + Level 5.3 Slings
 + Level 5.3 Bows
 + Level 5.3 Crossbows
 + Level 5.3 Throwing
 + Level 5.3 Armour
 + Level 7.1 Dodging
 + Level 5.3 Stealth
 + Level 5.3 Shields
 + Level 8.5 Unarmed Combat
 + Level 7.4 Spellcasting
 + Level 4.4 Conjurations
 + Level 4.4 Hexes
 + Level 4.4 Charms
 + Level 4.4 Summonings
 + Level 4.4 Necromancy
 + Level 4.4 Translocations
 + Level 5.9 Transmutations
 + Level 4.4 Fire Magic
 + Level 4.4 Ice Magic
 + Level 4.4 Air Magic
 + Level 4.4 Earth Magic
 + Level 4.4 Poison Magic
 + Level 5.8 Invocations
 + Level 5.3 Evocations


You had 5 spell levels left.
You knew the following spells:

 Your Spells              Type           Power        Failure   Level  Hunger
a - Beastly Appendage     Tmut           ####..       1%          1    None
b - Blade Hands           Tmut           ####......   32%         5    #####..
c - Ice Form              Ice/Tmut       ###.....     16%         4    ####...
r - Regeneration          Chrm/Necr      ###.......   7%          3    ##.....
s - Spider Form           Tmut/Pois      ###.......   4%          3    ##.....
S - Sticks to Snakes      Tmut           ####....     1%          2    None


Dungeon Overview and Level Annotations

Branches:
Dungeon (8/15)             Temple (1/1) D:5            Lair (1/6) D:8

Altars:
Ashenzari
Cheibriados
Dithmenos
Elyvilon
Fedhas
Gozag
Hepliaklqana
Kikubaaqudgha
Makhleb
Nemelex Xobeh
Qazlal
Ru
Trog
Uskayaw
Vehumet
Wu Jian
Xom
Yredelemnul
Zin
The Shining One
Lugonu

Shops:
D:5 }

Annotations:
D:3 Blork the orc


Innate Abilities, Weirdness & Mutations

Your experience applies equally to all skills.
You have very sharp teeth.
Your uncanny sense of smell can sniff out nearby items.


Message History

You hit the yak.
The yak is heavily wounded.
The yak gores the plant!
The plant is destroyed!
The yak barely misses you.
You hit the yak but do no damage.
The yak looks as sick as possible!
The yak is heavily wounded.
The yak gores you!
* * * LOW HITPOINT WARNING * * *
The yak misses you.
You hit the yak.
The yak is severely wounded.
The yak completely misses you.
You hit the yak.
The yak is poisoned.
The yak is lightly wounded.
Your transformation has ended.
Your +1 cloak unmelds from your body.
Your +0 helmet unmelds from your body.
Your +0 leather armour unmelds from your body.
The yak gores you!
You die...

##.## ##...#
###...##
##.....#
###......##
##.........#
##...P....YY#
.....P...##Y##
.#####...#@.#
#.####.# #.#
#.## ###
#..### ##...#
#...# ##.##
#.## .#
##..###


You could see 3 yaks.

Vanquished Creatures
  2 two-headed ogres (D:8)
  An ugly thing (D:8)
  A komodo dragon (D:8)
  A hippogriff (D:7)
  2 yaks (Lair:1)
  A steam dragon (D:7)
  Edmund (D:5)
  Menkaure (D:7)
  A water moccasin (Lair:1)
  An ice beast (D:5)
  An orc warrior (D:8)
  3 phantoms
  3 ogres
  A black bear (D:8)
  A centaur (D:5)
  A bullfrog (D:6)
  9 killer bees (D:8)
  7 wights (D:8)
  A howler monkey (D:5)
  2 crimson imps (D:7)
  A bullfrog skeleton (D:4)
  2 orc priests (D:6)
  2 hounds
  A gnoll shaman (D:7)
  2 iguanas (D:4)
  A worker ant (D:7)
  An orc wizard (D:6)
  4 gnolls (D:7)
  9 adders
  A shadow imp (D:7)
  An adder zombie (D:6)
  2 oozes
  3 worms
  4 dart slugs
  4 leopard geckos
  19 orcs
  7 bats
  16 giant cockroaches
  7 goblins
  9 hobgoblins
  6 jackals
  7 kobolds
  2 quokkas
  2 ball pythons (D:2)
  9 frilled lizards
  7 rats
170 creatures vanquished.

Vanquished Creatures (collateral kills)
  An orc wizard (D:6)
1 creature vanquished.

Vanquished Creatures (others)
  2 plants
2 creatures vanquished.

Grand Total: 173 creatures vanquished

Notes
Turn   | Place    | Note
-------+----------+-------------------------------------------
     0 | D:1      | luca467 the Gnoll Transmuter began the quest for the Orb.
     0 | D:1      | Reached XP level 1. HP: 17/17 MP: 6/6
    44 | D:1      | Reached XP level 2. HP: 12/23 MP: 7/7
   398 | D:1      | Reached XP level 3. HP: 28/28 MP: 9/9
   436 | D:1      | Reached skill level 5 in Spellcasting
   497 | D:1      | Learned a level 2 spell: Sticks to Snakes
   501 | D:1      | Learned a level 3 spell: Spider Form
   909 | D:1      | Reached skill level 1 in Invocations
  1100 | D:2      | Reached skill level 1 in Short Blades
  1100 | D:2      | Reached skill level 1 in Long Blades
  1100 | D:2      | Reached skill level 1 in Axes
  1100 | D:2      | Reached skill level 1 in Maces & Flails
  1100 | D:2      | Reached skill level 1 in Polearms
  1100 | D:2      | Reached skill level 1 in Staves
  1100 | D:2      | Reached skill level 1 in Slings
  1100 | D:2      | Reached skill level 1 in Bows
  1100 | D:2      | Reached skill level 1 in Crossbows
  1100 | D:2      | Reached skill level 1 in Throwing
  1100 | D:2      | Reached skill level 1 in Armour
  1100 | D:2      | Reached skill level 1 in Stealth
  1100 | D:2      | Reached skill level 1 in Shields
  1100 | D:2      | Reached skill level 1 in Evocations
  1100 | D:2      | Reached XP level 4. HP: 21/34 MP: 3/11
  1658 | D:2      | Reached skill level 1 in Conjurations
  1658 | D:2      | Reached skill level 1 in Hexes
  1658 | D:2      | Reached skill level 1 in Charms
  1658 | D:2      | Reached skill level 1 in Summonings
  1658 | D:2      | Reached skill level 1 in Necromancy
  1658 | D:2      | Reached skill level 1 in Translocations
  1658 | D:2      | Reached skill level 1 in Fire Magic
  1658 | D:2      | Reached skill level 1 in Ice Magic
  1658 | D:2      | Reached skill level 1 in Air Magic
  1658 | D:2      | Reached skill level 1 in Earth Magic
  1658 | D:2      | Reached skill level 1 in Poison Magic
  2329 | D:3      | Reached XP level 5. HP: 34/40 MP: 12/12
  2490 | D:3      | Found a sacrificial altar of Ru.
  2629 | D:3      | Found a stormy altar of Qazlal.
  2832 | D:3      | Noticed Blork the orc
  3051 | D:4      | Noticed an ogre
  3068 | D:4      | Killed an ogre
  3068 | D:4      | Reached XP level 6. HP: 47/47 MP: 13/13
  3167 | D:4      | Found a bloodstained altar of Trog.
  3362 | D:4      | Noticed a phantom
  3385 | D:4      | Killed a phantom
  3385 | D:4      | Reached skill level 5 in Dodging
  3580 | D:4      | Reached XP level 7. HP: 52/52 MP: 15/15
  3633 | D:4      | Found a sparkling altar of Nemelex Xobeh.
  3643 | D:4      | Reached skill level 7 in Unarmed Combat
  4166 | D:5      | Entered Level 5 of the Dungeon
  4389 | D:5      | Found Hip Ock's Gadget Boutique.
  4399 | D:5      | Found a shattered altar of Ashenzari.
  4450 | D:5      | Noticed Edmund
  4489 | D:5      | Killed Edmund
  4531 | D:5      | Found a staircase to the Ecumenical Temple.
  4563 | D:5      | Reached XP level 8. HP: 53/60 MP: 16/16
  4578 | Temple   | Entered the Ecumenical Temple
  4626 | Temple   | Became a worshipper of Makhleb the Destroyer
  5352 | D:6      | Learned a level 4 spell: Ice Form
  5358 | D:6      | Learned a level 5 spell: Blade Hands
  5368 | D:6      | Found a hazy altar of Hepliaklqana.
  5526 | D:7      | Found a shimmering altar of Xom.
  5536 | D:7      | Found a bloodstained altar of Trog.
  5539 | D:7      | Noticed a hippogriff
  5550 | D:7      | Killed a hippogriff
  5560 | D:7      | Noticed Menkaure
  5572 | D:7      | Killed Menkaure
  6131 | D:7      | Reached * piety under Makhleb
  6131 | D:7      | Reached XP level 9. HP: 60/66 MP: 18/18
  6343 | D:7      | Reached skill level 5 in Transmutations
  6487 | D:7      | Found a glowing golden altar of the Shining One.
  6630 | D:7      | Learned a level 3 spell: Regeneration
  6775 | D:8      | Noticed a cyan ugly thing
  6795 | D:8      | Killed a cyan ugly thing
  6795 | D:8      | Reached skill level 5 in Fighting
  7097 | D:8      | Found a staircase to the Lair.
  7098 | D:8      | Noticed a komodo dragon
  7180 | D:8      | Reached skill level 8 in Unarmed Combat
  7186 | D:8      | Noticed a two-headed ogre
  7200 | D:8      | Killed a two-headed ogre
  7200 | D:8      | Reached skill level 5 in Invocations
  7200 | D:8      | Reached XP level 10. HP: 74/74 MP: 20/20
  7264 | D:8      | Noticed a two-headed ogre
  7279 | D:8      | Killed a two-headed ogre
  7279 | D:8      | Reached skill level 5 in Short Blades
  7279 | D:8      | Reached skill level 5 in Long Blades
  7279 | D:8      | Reached skill level 5 in Axes
  7279 | D:8      | Reached skill level 5 in Maces & Flails
  7279 | D:8      | Reached skill level 5 in Polearms
  7279 | D:8      | Reached skill level 5 in Staves
  7279 | D:8      | Reached skill level 5 in Slings
  7279 | D:8      | Reached skill level 5 in Bows
  7279 | D:8      | Reached skill level 5 in Crossbows
  7279 | D:8      | Reached skill level 5 in Throwing
  7279 | D:8      | Reached skill level 5 in Armour
  7279 | D:8      | Reached skill level 5 in Stealth
  7279 | D:8      | Reached skill level 5 in Shields
  7279 | D:8      | Reached skill level 5 in Evocations
  7526 | D:8      | Found a blossoming altar of Fedhas.
  7900 | D:8      | Found an ornate altar of the Wu Jian Council.
  7927 | D:8      | Found a snail-covered altar of Cheibriados.
  8134 | D:8      | Found a glowing silver altar of Zin.
  8436 | Lair:1   | Entered Level 1 of the Lair of Beasts
  8531 | Lair:1   | HP: 3/76 [yak (13)]
  8534 | Lair:1   | Slain by a yak

Vault maps used:
D:1:      eino_arrival_water_star
D:2:      minmay_roachtagon, minmay_misc_feat_four_crosses
D:3:      tgw_sif, lemuel_doored_altar, grunt_qazlal_clouds
D:4:      lemuel_coloured_pillars_altar, nemelex_xobeh_ov_fountains_minmay
D:5:      ashenzari_conservatory_becter, temple_fountains, serial_shops, shop,
          first_bread, uniq_edmund
D:6:      marbit_many_paths
D:7:      xom_butterflies, basic_altar, nicolae_tso_swordbearing_angel,
          uniq_menkaure
D:8:      kennysheep_little_box, old_standard_altar, overflow_temple_1_default,
          zin_statuary, david_lair_shrubbed
Temple:   corrupted_temple
Lair:1:   serial_bayou_ford_a, beast_lair_carwin_2

Skill      XL: |  1  2  3  4  5  6  7  8  9 10 |
---------------+-------------------------------+-----
Spellcasting   | 5 6 7 |  7.4
Invocations    | 1 2 3 4 5 |  5.8
Short Blades   | 1 2 3 4 5 |  5.3
Long Blades    | 1 2 3 4 5 |  5.3
Axes           | 1 2 3 4 5 |  5.3
Maces & Flails | 1 2 3 4 5 |  5.3
Polearms       | 1 2 3 4 5 |  5.3
Staves         | 1 2 3 4 5 |  5.3
Slings         | 1 2 3 4 5 |  5.3
Bows           | 1 2 3 4 5 |  5.3
Crossbows      | 1 2 3 4 5 |  5.3
Throwing       | 1 2 3 4 5 |  5.3
Armour         | 1 2 3 4 5 |  5.3
Stealth        | 1 2 3 4 5 |  5.3
Shields        | 1 2 3 4 5 |  5.3
Evocations     | 1 2 3 4 5 |  5.3
Conjurations   | 1 2 3 4 |  4.4
Hexes          | 1 2 3 4 |  4.4
Charms         | 1 2 3 4 |  4.4
Summonings     | 1 2 3 4 |  4.4
Necromancy     | 1 2 3 4 |  4.4
Translocations | 1 2 3 4 |  4.4
Fire Magic     | 1 2 3 4 |  4.4
Ice Magic      | 1 2 3 4 |  4.4
Air Magic      | 1 2 3 4 |  4.4
Earth Magic    | 1 2 3 4 |  4.4
Poison Magic   | 1 2 3 4 |  4.4
Fighting       | 3 4 5 6 |  6.0
Transmutations | 4 5 |  5.9
Dodging        | 5 6 7 |  7.1
Unarmed Combat | 7 8 |  8.5

Action                   |  1- 3 |  4- 6 |  7- 9 | 10-12 || total
-------------------------+-------+-------+-------+-------++-------
Melee: Unarmed           |   101 |   190 |   307 |   142 ||   740
       Bite              |     7 |    17 |    26 |    15 ||    65
       Kick              |     1 |       |       |       ||     1
       Headbutt          |     1 |       |       |       ||     1
       Punch             |       |     2 |     5 |       ||     7
Throw: Stone             |    19 |    39 |    27 |       ||    85
 Cast: Beastly Appendage |     2 |       |       |       ||     2
       Spider Form       |     1 |     1 |     5 |     2 ||     9
       Sticks to Snakes  |       |       |     2 |       ||     2
       Regeneration      |       |       |       |     3 ||     3
Evoke: Wand              |       |     3 |     2 |     1 ||     6
  Use: Scroll            |     2 |     3 |     5 |       ||    10
 Stab: Sleeping          |     5 |    10 |     4 |     2 ||    21
       Distracted        |       |     1 |     1 |       ||     2
       Confused          |       |     1 |     4 |       ||     5
       Paralysed         |       |       |     8 |     5 ||    13
  Eat: Chunk             |     1 |     8 |    11 |       ||    20
       Bread ration      |       |       |       |     1 ||     1
       Fruit             |       |       |       |     1 ||     1
Armor: Robe              |    20 |    11 |       |       ||    31
       Leather armour    |       |    11 |    55 |    10 ||    76
       Skin              |       |     1 |     6 |     1 ||     8
Dodge: Dodged            |    74 |   153 |   237 |    99 ||   563

Table legend:
 A = Spawn XP
 B = Non-spawn XP
 C = Spawn XP percentage of total XP
 D = Spawn monster count
 E = Non-spawn monster count
 F = Spawn count percentage of total count
 G = Total turns spent on level
                    A         B        C        D         E        F      G
               +---------+---------+-------+---------+---------+-------+---------
         Total |       0 |    7293 |   0.0 |       0 |     171 |   0.0 |  8534
               +---------+---------+-------+---------+---------+-------+---------
           D:1 |       0 |      75 |   0.0 |       0 |      38 |   0.0 |  1328
           D:2 |       0 |      66 |   0.0 |       0 |      21 |   0.0 |   762
           D:3 |       0 |      76 |   0.0 |       0 |      25 |   0.0 |   961
           D:4 |       0 |     590 |   0.0 |       0 |      17 |   0.0 |  1115
           D:5 |       0 |     485 |   0.0 |       0 |      11 |   0.0 |   576
           D:6 |       0 |     300 |   0.0 |       0 |      10 |   0.0 |   693
           D:7 |       0 |    1082 |   0.0 |       0 |      20 |   0.0 |  1275
           D:8 |       0 |    4054 |   0.0 |       0 |      26 |   0.0 |  1659
        Lair:1 |       0 |     565 |   0.0 |       0 |       3 |   0.0 |    98
               +---------+---------+-------+---------+---------+-------+---------
